 Dungeon Crawl Stone Soup version 0.31.0-12-g77e489cdc1 (webtiles) character file.

Game seed: 4819487134537864965

55 smrtan the Ruffian (level 3, -3/10 HPs)
             Began as a Troll Berserker on Feb 15, 2024.
             Was a Follower of Trog.
             Slain by a cerulean imp
             ... wielding a +1 spear
             ... summoned by Natasha
              (5 damage)
             ... on level 2 of the Dungeon.
             The game lasted 00:17:42 (2922 turns).

smrtan the Ruffian (Troll Berserker)                Turns: 2922, Time: 00:17:46

Health: -3/10      AC:  2    Str: 27    XL:     3   Next: 67%
Magic:  2/2        EV: 14    Int:  3    God:    Trog [*.....]
Gold:   31         SH:  0    Dex:  9    Spells: 2/2 levels left

rFire   . . .        f - melded +0 scimitar
rCold   . . .        (shield currently unavailable)
rNeg    . . .        a - melded +0 animal skin
rPois   .            (helmet restricted)
rElec   .            (no cloak)
rCorr   .            (gloves unavailable)
SInv    .            (boots unavailable)
Will    .....        (no amulet)
Stlth   +            (no ring)
HPRegen 1.01/turn    (no ring)
MPRegen 0.08/turn

%: no passive effects
@: flux-form, slowed, glowing, very slow
A: glow, contaminating, reduced hp, large, unfitting armour, claws 3,
regeneration 1, shaggy fur 1, tough skin 1
a: Begin Untransformation, Renounce Religion, Berserk


You were on level 2 of the Dungeon.
You worshipped Trog.
Trog was aware of your devotion.
You were something dangerously unstable.
You visited 1 branch of the dungeon, and saw 2 of its levels.

You collected 31 gold pieces.

Inventory:

Hand Weapons
 c - a +0 dagger
 f - a +0 scimitar (melded)
 j - a +0 whip
 p - a +0 short sword
 t - a +0 short sword
Missiles
 b - 15 stones (quivered)
Armour
 a - a +0 animal skin (melded)
 e - a +0 robe
 g - a +0 leather armour
 l - a +0 chain mail
 n - a +0 scale mail
 q - a +0 chain mail
 r - a +0 helmet
 s - a +0 leather armour
Talismans
 k - a flux talisman (active)
Scrolls
 d - a scroll of teleportation {unknown}
 m - a scroll of vulnerability {unknown}
 o - a scroll of identify {unknown}
Potions
 h - 2 potions of curing {unknown}
 i - a potion of lignification {unknown}


   Skills:
 + Level 2.8 Fighting
 + Level 2.7 Dodging
 + Level 0.1 Stealth
 + Level 4.0 Unarmed Combat


You had 2 spell levels left.
You didn't know any spells.
Your spell library was empty.

Dungeon Overview and Level Annotations

Branches:
Dungeon (2/15)

Altars:

Annotations:
D:2 Natasha


Innate Abilities, Weirdness & Mutations

You are something dangerously unstable.
You glow with magical radiation, making you easy to see and hit.
Foes you strike become dangerously contaminated with magical radiation.
Your maximum health is decreased, since you lack skill for your form.
You are incapable of wielding weapons or throwing items.
You are too large for most types of armour.
You have claws for hands.
Your natural rate of healing is unusually fast.
You are covered in fur. (AC +1)
You have tough skin. (AC +1)


Message History

Natasha claws you.
Ouch! That really hurt!
* * * LOW HITPOINT WARNING * * *
Natasha attacks as she pursues you! Natasha barely misses you.
Natasha casts a spell at you. You resist with significant effort.
Natasha mumbles some strange words.
Natasha stops glowing.
Natasha stares at you and mumbles some strange words.
You feel yourself slow down. The cerulean imp closely misses you.
The cerulean imp hits you from afar with a +0 spear.
The cerulean imp hits you with a +0 spear.
You closely miss the cerulean imp. The cerulean imp misses you.
The cerulean imp barely misses you.
You claw the cerulean imp!
The cerulean imp begins to glow.
The cerulean imp is almost dead.
Natasha howls an incantation.
You feel disoriented.
The cerulean imp hits you with a +0 spear.
Natasha casts a spell.
You closely miss the cerulean imp.
The cerulean imp is almost dead.
The cerulean imp misses you.
You closely miss the cerulean imp.
The cerulean imp is almost dead.
The cerulean imp completely misses you. The cerulean imp misses you.
The cerulean imp closely misses you.
You claw the cerulean imp!
You kill the cerulean imp!
The cerulean imp disappears in a puff of smoke!
Natasha mumbles some strange words.
The cerulean imp barely misses you. Natasha claws you!
Ouch! That really hurt!
* * * LOW HITPOINT WARNING * * *
The cerulean imp misses you.
The cerulean imp hits you with a +1 spear.
Ouch! That really hurt!
You die...

...####... #.##...
..........##..#...##....#.
...........#..... .......
#.#....#..#.... #......
...............###.#..#.
.......................
#.#.......# #..#.
###########.#..5###.#########....
.....(........5hp................
######.####.#...##...#.#.####..##
######..........##.....#.# #....
................##..#..#.# #...#
.............###.......#.# #..##
.............###...##..........#
...................##......>....
.............###...##..##.#.#.##
...............# ...... ...# #


You could see Natasha and 2 cerulean imps.

Vanquished Creatures
  Terence (D:2)
  2 dart slugs
  5 endoplasms
  A giant cockroach (D:1)
  A hobgoblin (D:1)
  2 jackals (D:1)
  2 kobolds
  2 quokkas (D:1)
  4 bats (D:1)
  2 frilled lizards (D:1)
  2 rats
24 creatures vanquished.

Notes
Turn   | Place    | Note
-------+----------+-------------------------------------------
     0 | D:1      | smrtan the Troll Berserker began the quest for the Orb.
     0 | D:1      | Reached XP level 1. HP: 22/22 MP: 0/0
   876 | D:1      | Reached XP level 2. HP: 29/29 MP: 1/1
  2781 | D:2      | Noticed Terence
  2801 | D:2      | Killed Terence
  2802 | D:2      | Reached XP level 3. HP: 8/36 MP: 2/2
  2863 | D:2      | Reached skill level 4 in Unarmed Combat
  2898 | D:2      | Noticed Natasha
  2922 | D:2      | Slain by a cerulean imp

Illustrated notes

Levels and vault maps discovered:
D:1:      pf_arrival_petrified_forest, layout_loops_corners
D:2:      minmay_diamond_boxcup, layout_basic, uniq_terence, uniq_natasha

Skill      XL: |  1  2  3 |
---------------+----------+-----
Unarmed Combat | 4 |  4.0
Fighting       | |  2.8
Dodging        | |  2.7
Stealth        | |  0.1

Action                     || total
---------------------------++-------
  Melee: Unarmed           ||    71
 Armour: Animal skin       ||    28
         Skin              ||    26
  Dodge: Dodged            ||    61
   Form: Flux              ||     1
